Gangsters vs Coutelas

Created - December 16, 2020 at 19:08

Goals
1 2 3 T
Gangsters 0 2 1 3
Coutelas 0 1 4 5
Shots
1 2 3 T
Gangsters 9 20 9 38
Coutelas 9 8 16 33

1st period

No Goal

Penalties :
Brendan Lemieux (MDÉ) for Kneeing (Minor) at 2:19, Brendan Lemieux (MDÉ) for Interference (Minor) at 5:48, Samuel Blais (Bro) for Holding (Minor) at 17:53

2nd period

1. Coutelas , Mattias Janmark 7 (Mikhail Grigorenko 7, Mike Reilly 6) at 4:09
2. Gangsters , Richard Panik 20 (Artem Anisimov 26, Jonas Brodin 9) at 7:27
3. Gangsters , Dave Dziurzynski 23 (Artem Anisimov 27, Richard Panik 33) at 11:12

Penalties :
Ben Harpur (MDÉ) for Holding (Minor) at 4:31, Tanner Richard (MDÉ) for Hooking (Minor) at 7:49, Dave Dziurzynski (Bro) for Cross-checking (Minor) at 19:46

3rd period

4. Coutelas , Ben Harpur 2 (Oliver Bjorkstrand 7) at 0:09 (PP)
5. Gangsters , Brett Ponich 2 (Artem Anisimov 28) at 3:01 (PP)
6. Coutelas , Teemu Pulkkinen 9 (Juraj Mikus 10, Mike Reilly 7) at 12:42
7. Coutelas , Teemu Pulkkinen 10 (Rhett Rakhshani 5, Mike Reilly 8) at 14:13
8. Coutelas , Craig Cunningham 18 (Tanner Richard 16, Oliver Bjorkstrand 8) at 19:05

Penalties :
Tanner Richard (MDÉ) for Roughing (Minor) at 0:31, Julius Honka (MDÉ) for Hooking (Minor) at 2:43

Goalie Stats

Jordan Binnington (Bro), 28 saves from 33 shots - (0.848), L, 5-5-1, 60:00 minutes
Joe Cannata (MDÉ), 35 saves from 38 shots - (0.921), W, 9-7-2, 60:00 minutes

Players Stats for Gangsters

Player Name              G  A  P  +/- PIM S  H  SB GA TA FO     MP     PP MP  PK MP  
------------------------------------------------------------------------------------
Adam Lowry               0  0  0  -1  0   0  1  0  0  0  1/6     5:00   0:00   0:00 
Artem Anisimov           0  3  3   1  0   3  3  1  1  0  25/36  25:49   5:41   1:39 
Brett Ponich             1  0  1  -1  0   1  2  1  0  1  0/0    29:27   6:09   1:33 
Colton White             0  0  0   0  0   0  0  1  0  0  0/0    10:59   0:00   0:00 
Connor Chatam            0  0  0  -1  0   0  0  0  0  0  0/0     5:03   0:03   0:00 
Dave Dziurzynski         1  0  1   1  2   7  1  0  1  0  1/2    24:36   5:31   0:32 
David Pope               0  0  0   0  0   1  0  0  0  0  0/0     0:13   0:00   0:00 
Derrick Pouliot          0  0  0  -1  0   2  0  4  1  1  0/0    19:34   4:04   0:49 
Jonas Brodin             0  1  1  -1  0   3  2  1  0  0  0/0    29:27   6:09   1:33 
Kevin Roy                0  0  0  -1  0   2  0  0  0  0  4/8    12:39   0:00   0:11 
Phillip Danault          0  0  0  -1  0   2  1  0  0  0  2/2    13:38   0:13   0:11 
Richard Panik            1  1  2   1  0   7  2  0  1  0  4/5    25:37   5:31   1:39 
Samuel Blais             0  0  0  -2  2   1  1  2  0  0  0/2    19:43   4:29   0:00 
Sebastian Collberg       0  0  0  -1  0   2  1  0  0  0  0/0    12:44   0:13   0:00 
Seth Griffith            0  0  0  -1  0   3  0  0  0  0  8/13   15:50   4:29   0:00 
Stefan Noesen            0  0  0  -1  0   4  2  0  0  1  0/1    16:44   4:29   0:32 
Steven Santini           0  0  0   0  0   0  0  1  0  1  0/0    10:59   0:00   0:00 
Vince Dunn               0  0  0  -1  0   0  1  3  0  0  0/0    19:34   4:04   0:49 

Players Stats for Coutelas

Player Name              G  A  P  +/- PIM S  H  SB GA TA FO     MP     PP MP  PK MP  
------------------------------------------------------------------------------------
Ben Harpur               1  0  1  -2  2   3  3  3  0  0  0/0    27:38   1:24   4:33 
Brendan Lemieux          0  0  0   0  4   1  2  0  1  0  0/1    11:26   0:00   0:00 
Craig Cunningham         1  0  1  -1  0   2  0  1  0  0  3/7    23:28   1:13   5:23 
Duncan Siemens           0  0  0   1  0   0  1  1  0  0  0/0    10:43   0:00   0:00 
Julius Honka             0  0  0   1  2   0  0  0  0  1  0/0    12:16   0:00   1:21 
Juraj Mikus              0  1  1   2  0   6  7  0  1  0  6/11   16:18   1:09   2:51 
Kurtis Gabriel           0  0  0   0  0   2  1  0  0  0  1/1    11:21   0:00   0:00 
Mattias Janmark          1  0  1   1  0   2  1  0  0  0  0/0     8:10   0:00   1:29 
Mike Amadio              0  0  0   0  0   1  0  0  0  0  3/4    11:21   0:00   0:00 
Mike Reilly              0  3  3   3  0   1  1  0  0  0  0/0    19:57   0:58   4:12 
Mikhail Grigorenko       0  1  1   1  0   0  0  0  0  1  4/5     9:38   0:00   2:44 
Nick Mattson             0  0  0  -2  0   4  1  0  1  0  0/0    28:48   1:24   5:42 
Nikita Scherbak          0  0  0   1  0   1  2  0  0  1  0/0     6:38   0:00   0:00 
Oliver Bjorkstrand       0  2  2  -1  0   2  1  1  0  0  3/4    18:05   1:13   0:00 
Patrick Sieloff          0  0  0   3  0   0  1  0  0  1  0/0    20:42   0:58   4:38 
Rhett Rakhshani          0  1  1   2  0   3  0  0  0  0  0/1    13:21   1:09   0:00 
Tanner Richard           0  1  1  -1  4   3  2  2  1  0  9/38   21:39   1:13   3:27 
Teemu Pulkkinen          2  0  2   2  0   2  2  1  0  0  1/3    18:12   1:09   4:32 

3 Stars

1 - Teemu Pulkkinen (MDÉ)
2 - Mike Reilly (MDÉ)
3 - Juraj Mikus (MDÉ)

Power Play

Gangsters - 1 on 6 Attempt(s) - 16.67%
Coutelas - 1 on 2 Attempt(s) - 50.00%

Penalty Kill

Gangsters - 1 on 2 Attempt(s) - 50.00% - Score 0 goal in Penalty Kill
Coutelas - 5 on 6 Attempt(s) - 83.33% - Score 0 goal in Penalty Kill

Team Stat

Gangsters - Hits : 17 - Faceoff Wins : 45 - Blocked Shots : 14 - Penalty Minutes : 4
Coutelas - Hits : 25 - Faceoff Wins : 30 - Blocked Shots : 9 - Penalty Minutes : 12

Official

Referees : Unknown
Linesman : Unknown

Game Notes

2:53 of 2nd period - Gangsters goal is going for a video replay. After video review, No Goal. The puck has been directed, batted or thrown into the net by an attacking player other than with a stick.

Finance

Level 1 -- Attendance: 1332 (66.60%) -- Ticket Income $53,280
Level 2 -- Attendance: 622 (62.20%) -- Ticket Income $12,440
Total Attendance: 1954 (65.13%)
Total Ticket Income: $65,720
Other Income: $3,286
Total Income: $69,006

Gangsters

5 vs 5 Forward 
   Center                   Left Wing                Right Wing               Time % Phy DF OF 
 1 Artem Anisimov           Dave Dziurzynski         Richard Panik            40     1   2  2  
 2 Seth Griffith            Samuel Blais             Stefan Noesen            30     1   2  2  
 3 Kevin Roy                Phillip Danault          Sebastian Collberg       20     1   2  2  
 4 Adam Lowry               Samuel Blais             Connor Chatam            10     1   2  2  

5 vs 5 Defense 
   Defense                  Defense                                           Time % Phy DF OF 
 1 Brett Ponich             Jonas Brodin                                      40     1   2  2  
 2 Derrick Pouliot          Vince Dunn                                        30     1   2  2  
 3 Steven Santini           Colton White                                      20     1   2  2  
 4 Brett Ponich             Jonas Brodin                                      10     1   2  2  

PowerPlay Forward 
   Center                   Left Wing                Right Wing               Time % Phy DF OF 
 1 Artem Anisimov           Dave Dziurzynski         Richard Panik            60     1   2  2  
 2 Seth Griffith            Samuel Blais             Stefan Noesen            40     1   2  2  

PowerPlay Defense
   Defense                  Defense                                           Time % Phy DF OF 
 1 Brett Ponich             Jonas Brodin                                      60     1   2  2  
 2 Derrick Pouliot          Vince Dunn                                        40     1   2  2  

Penalty Kill 4 Players Forward 
   Center                   Wing                     Time % Phy DF OF 
 1 Richard Panik            Artem Anisimov           60     1   2  2  
 2 Stefan Noesen            Dave Dziurzynski         40     1   2  2  

Penalty Kill 4 Players Defense
   Defense                  Defense                  Time % Phy DF OF 
 1 Brett Ponich             Jonas Brodin             60     1   2  2  
 2 Derrick Pouliot          Vince Dunn               40     1   2  2  

Penalty Kill - 3 Players Forward 
   Forward                                           Time % Phy DF OF 
 1 Richard Panik                                     60     1   2  2  
 2 Artem Anisimov                                    40     1   2  2  

Penalty Kill - 3 Players Defense
   Defense                  Defense                  Time % Phy DF OF 
 1 Brett Ponich             Jonas Brodin             60     1   2  2  
 2 Derrick Pouliot          Vince Dunn               40     1   2  2  

4 vs 4 Forward 
   Center                   Wing                     Time % Phy DF OF 
 1 Richard Panik            Artem Anisimov           60     1   2  2  
 2 Stefan Noesen            Dave Dziurzynski         40     1   2  2  

4 vs 4 Defense
   Defense                  Defense                  Time % Phy DF OF 
 1 Brett Ponich             Jonas Brodin             60     1   2  2  
 2 Derrick Pouliot          Vince Dunn               40     1   2  2  

Last Minutes Offensive
   Center                   Left Wing                Right Wing               Defense                  Defense                  
   Artem Anisimov           Dave Dziurzynski         Richard Panik            Brett Ponich             Jonas Brodin             

Last Minutes Defensive
   Center                   Left Wing                Right Wing               Defense                  Defense                  
   Artem Anisimov           Dave Dziurzynski         Richard Panik            Brett Ponich             Jonas Brodin             

Goaltenders
Starting : Jordan Binnington        
Backup : Samuel Montembeault      

Extra Forwards
Normal : Phillip Danault, Sebastian Collberg, Kevin Roy - PP : Phillip Danault, Sebastian Collberg - PK : Kevin Roy
Extra Defensemen
Normal : Steven Santini, Colton White, Derrick Pouliot - PP : Steven Santini - PK : Colton White, Derrick Pouliot
Penalty Shots
Richard Panik, Artem Anisimov, Stefan Noesen, Dave Dziurzynski, Seth Griffith

Scratches
Will Borgen (Healthy), Dryden Hunt (Healthy), Joel Kiviranta (Healthy), Mikhail Vorobyev (Healthy), Ryan Culkin (Healthy)
Keegan Kolesar (Healthy), Joshua Jacobs (Healthy), Jacob Middleton (Healthy), Jake Marchment (Healthy)

Coutelas

5 vs 5 Forward 
   Center                   Left Wing                Right Wing               Time % Phy DF OF 
 1 Tanner Richard           Craig Cunningham         Oliver Bjorkstrand       40     1   2  2  
 2 Juraj Mikus              Teemu Pulkkinen          Rhett Rakhshani          30     1   2  2  
 3 Mike Amadio              Brendan Lemieux          Kurtis Gabriel           20     1   2  2  
 4 Mikhail Grigorenko       Mattias Janmark          Nikita Scherbak          10     1   2  2  

5 vs 5 Defense 
   Defense                  Defense                                           Time % Phy DF OF 
 1 Ben Harpur               Nick Mattson                                      40     1   2  2  
 2 Mike Reilly              Patrick Sieloff                                   30     1   2  2  
 3 Duncan Siemens           Julius Honka                                      20     1   2  2  
 4 Ben Harpur               Nick Mattson                                      10     1   2  2  

PowerPlay Forward 
   Center                   Left Wing                Right Wing               Time % Phy DF OF 
 1 Tanner Richard           Craig Cunningham         Oliver Bjorkstrand       60     1   2  2  
 2 Juraj Mikus              Teemu Pulkkinen          Rhett Rakhshani          40     1   2  2  

PowerPlay Defense
   Defense                  Defense                                           Time % Phy DF OF 
 1 Ben Harpur               Nick Mattson                                      60     1   2  2  
 2 Mike Reilly              Patrick Sieloff                                   40     1   2  2  

Penalty Kill 4 Players Forward 
   Center                   Wing                     Time % Phy DF OF 
 1 Craig Cunningham         Tanner Richard           60     1   2  2  
 2 Teemu Pulkkinen          Juraj Mikus              40     1   2  2  

Penalty Kill 4 Players Defense
   Defense                  Defense                  Time % Phy DF OF 
 1 Ben Harpur               Nick Mattson             60     1   2  2  
 2 Mike Reilly              Patrick Sieloff          40     1   2  2  

Penalty Kill - 3 Players Forward 
   Forward                                           Time % Phy DF OF 
 1 Craig Cunningham                                  60     1   2  2  
 2 Tanner Richard                                    40     1   2  2  

Penalty Kill - 3 Players Defense
   Defense                  Defense                  Time % Phy DF OF 
 1 Ben Harpur               Nick Mattson             60     1   2  2  
 2 Mike Reilly              Patrick Sieloff          40     1   2  2  

4 vs 4 Forward 
   Center                   Wing                     Time % Phy DF OF 
 1 Craig Cunningham         Tanner Richard           60     1   2  2  
 2 Teemu Pulkkinen          Juraj Mikus              40     1   2  2  

4 vs 4 Defense
   Defense                  Defense                  Time % Phy DF OF 
 1 Ben Harpur               Nick Mattson             60     1   2  2  
 2 Mike Reilly              Patrick Sieloff          40     1   2  2  

Last Minutes Offensive
   Center                   Left Wing                Right Wing               Defense                  Defense                  
   Tanner Richard           Craig Cunningham         Oliver Bjorkstrand       Ben Harpur               Nick Mattson             

Last Minutes Defensive
   Center                   Left Wing                Right Wing               Defense                  Defense                  
   Tanner Richard           Craig Cunningham         Oliver Bjorkstrand       Ben Harpur               Nick Mattson             

Goaltenders
Starting : Joe Cannata              
Backup : Ilya Samsonov            

Extra Forwards
Normal : Mike Amadio, Brendan Lemieux, Mikhail Grigorenko - PP : Mike Amadio, Brendan Lemieux - PK : Mikhail Grigorenko
Extra Defensemen
Normal : Duncan Siemens, Julius Honka, Mike Reilly - PP : Duncan Siemens - PK : Julius Honka, Mike Reilly
Penalty Shots
Craig Cunningham, Tanner Richard, Teemu Pulkkinen, Juraj Mikus, Mike Amadio

Scratches
Colin White (Healthy), Ross Johnston (Healthy), Patrick Russell (Healthy), Myles Bell (Healthy), Zach Whitecloud (Healthy)
Nick Paul (Healthy), Calle Andersson (Healthy), Clark Bishop (Healthy), JJ. Piccinich (Healthy), Michael Giugovaz (Healthy)

% Time on Ice - Gangsters

Lines # - Real PCT - Wanted PCT - Time Play
Normal Forward
1 - 41% - 40% - 19:23
2 - 24% - 30% - 11:09
3 - 25% - 20% - 11:53
4 - 11% - 10% - 5:00
Normal Defense
1 - 41% - 40% - 19:35
2 - 31% - 30% - 14:41
3 - 23% - 20% - 10:59
4 - 5% - 10% - 2:10
PP Forward
1 - 56% - 60% - 5:44
2 - 44% - 40% - 4:29
PP Defense
1 - 60% - 60% - 6:09
2 - 40% - 40% - 4:04
PK Forward
1 - 77% - 60% - 1:50
2 - 23% - 40% - 0:32
PK Defense
1 - 65% - 60% - 1:33
2 - 35% - 40% - 0:49
PK3 Forward
1 - 0% - 60%
2 - 0% - 40%
PK3 Defense
1 - 0% - 60%
2 - 0% - 40%
44 Forward
1 - 0% - 60%
2 - 0% - 40%
44 Defense
1 - 0% - 60%
2 - 0% - 40%
Last Minute Offensive  - 0:00
Last Minute Defensive  - 0:00
Total
Forward - 60:00
Defense - 60:00

% Time on Ice - Coutelas

Lines # - Real PCT - Wanted PCT - Time Play
Normal Forward
1 - 36% - 40% - 16:47
2 - 26% - 30% - 12:18
3 - 24% - 20% - 11:21
4 - 14% - 10% - 6:38
Normal Defense
1 - 42% - 40% - 19:44
2 - 31% - 30% - 14:47
3 - 22% - 20% - 10:22
4 - 5% - 10% - 2:11
PP Forward
1 - 51% - 60% - 1:13
2 - 49% - 40% - 1:09
PP Defense
1 - 59% - 60% - 1:24
2 - 41% - 40% - 0:58
PK Forward
1 - 80% - 60% - 8:12
2 - 20% - 40% - 2:01
PK Defense
1 - 59% - 60% - 6:01
2 - 41% - 40% - 4:12
PK3 Forward
1 - 0% - 60%
2 - 0% - 40%
PK3 Defense
1 - 0% - 60%
2 - 0% - 40%
44 Forward
1 - 0% - 60%
2 - 0% - 40%
44 Defense
1 - 0% - 60%
2 - 0% - 40%
Last Minute Offensive  - 0:00
Last Minute Defensive  - 0:21
Total
Forward - 60:00
Defense - 60:00

Play-by-Play

1st period


0:01 of 1st period - Artem Anisimov wins face-off versus Tanner Richard in neutral zone.
0:08 of 1st period - Wrist shot by Richard Panik.
0:08 of 1st period - Stopped by Joe Cannata without a rebound.
0:09 of 1st period - Artem Anisimov wins face-off versus Tanner Richard in Coutelas zone.
0:12 of 1st period - Wrist shot by Dave Dziurzynski.
0:12 of 1st period - Stopped by Joe Cannata without a rebound.
0:13 of 1st period - Juraj Mikus wins face-off versus Seth Griffith in Coutelas zone.
0:20 of 1st period - Stefan Noesen is hit by Juraj Mikus and loses puck.
0:59 of 1st period - Snap shot by Richard Panik.
0:59 of 1st period - Shot Blocked by Tanner Richard.
1:01 of 1st period - Snap shot by Richard Panik.
1:01 of 1st period - Stopped by Joe Cannata without a rebound.
1:02 of 1st period - Richard Panik wins face-off versus Tanner Richard in Coutelas zone.
1:03 of 1st period - Snap shot by Artem Anisimov.
1:03 of 1st period - Shot Misses the Net.
1:05 of 1st period - Wrist shot by Dave Dziurzynski.
1:05 of 1st period - Shot Misses the Net.
1:07 of 1st period - Wrist shot by Artem Anisimov.
1:07 of 1st period - Stopped by Joe Cannata with a rebound.
1:09 of 1st period - Wrist shot by Dave Dziurzynski.
1:09 of 1st period - Stopped by Joe Cannata without a rebound.
1:10 of 1st period - Mikhail Grigorenko wins face-off versus Adam Lowry in Coutelas zone.
1:10 of 1st period - Mikhail Grigorenko is hit by Adam Lowry.
1:16 of 1st period - Slapshot by Steven Santini.
1:16 of 1st period - Shot Misses the Net.
1:18 of 1st period - Slapshot by Steven Santini.
1:18 of 1st period - Shot Misses the Net.
1:36 of 1st period - Dave Dziurzynski is hit by Juraj Mikus and loses puck.
1:45 of 1st period - Dave Dziurzynski is hit by Ben Harpur and loses puck.
2:08 of 1st period - Snap shot by Tanner Richard.
2:08 of 1st period - Stopped by Jordan Binnington with a rebound.
2:19 of 1st period - Minor Penalty to Brendan Lemieux for Kneeing.
2:20 of 1st period - Artem Anisimov wins face-off versus Craig Cunningham in Coutelas zone.
2:23 of 1st period - Snap shot by Artem Anisimov.
2:23 of 1st period - Stopped by Joe Cannata with a rebound.
2:43 of 1st period - Icing by Artem Anisimov.
2:44 of 1st period - Artem Anisimov wins face-off versus Teemu Pulkkinen in Gangsters zone.
3:52 of 1st period - Mike Reilly is hit by Samuel Blais and loses puck.
4:13 of 1st period - Jonas Brodin is hit by Ben Harpur and loses puck.
4:19 of 1st period - Penalty to Brendan Lemieux is over, Brendan Lemieux is back on ice.
4:47 of 1st period - Sebastian Collberg is hit by Mattias Janmark.
4:55 of 1st period - Slapshot by Jonas Brodin.
4:55 of 1st period - Shot Misses the Net.
5:09 of 1st period - Wrist shot by Juraj Mikus.
5:09 of 1st period - Stopped by Jordan Binnington without a rebound.
5:10 of 1st period - Adam Lowry wins face-off versus Rhett Rakhshani in Gangsters zone.
5:35 of 1st period - Tanner Richard is hit by Richard Panik and loses puck.
5:41 of 1st period - Off-side.
5:42 of 1st period - Seth Griffith wins face-off versus Brendan Lemieux in neutral zone.
5:48 of 1st period - Minor Penalty to Brendan Lemieux for Interference.
5:49 of 1st period - Craig Cunningham wins face-off versus Artem Anisimov in Coutelas zone.
6:05 of 1st period - Wrist shot by Richard Panik.
6:05 of 1st period - Stopped by Joe Cannata with a rebound.
7:48 of 1st period - Penalty to Brendan Lemieux is over, Brendan Lemieux is back on ice.
8:06 of 1st period - Snap shot by Phillip Danault.
8:06 of 1st period - Shot Misses the Net.
8:18 of 1st period - Steven Santini is hit by Duncan Siemens and loses puck.
8:55 of 1st period - Icing by Craig Cunningham.
8:56 of 1st period - Seth Griffith wins face-off versus Tanner Richard in Coutelas zone.
9:11 of 1st period - Snap shot by Richard Panik.
9:11 of 1st period - Shot Misses the Net.
10:12 of 1st period - Snap shot by Juraj Mikus.
10:12 of 1st period - Stopped by Jordan Binnington without a rebound.
10:13 of 1st period - Tanner Richard wins face-off versus Seth Griffith in Gangsters zone.
10:32 of 1st period - Dave Dziurzynski is hit by Ben Harpur.
10:57 of 1st period - Off-side.
10:58 of 1st period - Phillip Danault wins face-off versus Juraj Mikus in neutral zone.
11:06 of 1st period - Slapshot by Juraj Mikus.
11:06 of 1st period - Stopped by Jordan Binnington with a rebound.
11:31 of 1st period - Wrist shot by Teemu Pulkkinen.
11:31 of 1st period - Shot Misses the Net.
11:51 of 1st period - Wrist shot by Dave Dziurzynski.
11:51 of 1st period - Stopped by Joe Cannata without a rebound.
11:52 of 1st period - Artem Anisimov wins face-off versus Tanner Richard in Coutelas zone.
12:46 of 1st period - Wrist shot by Sebastian Collberg.
12:46 of 1st period - Shot Blocked by Ben Harpur.
13:35 of 1st period - Off-side.
13:36 of 1st period - Mike Amadio wins face-off versus Adam Lowry in neutral zone.
13:45 of 1st period - Wrist shot by Brendan Lemieux.
13:45 of 1st period - Shot Misses the Net.
14:21 of 1st period - Wrist shot by Phillip Danault.
14:21 of 1st period - Stopped by Joe Cannata with a rebound.
14:23 of 1st period - Snap shot by Phillip Danault.
14:23 of 1st period - Shot Hit the Post.
14:27 of 1st period - Wrist shot by Phillip Danault.
14:27 of 1st period - Shot Misses the Net.
14:44 of 1st period - Off-side.
14:45 of 1st period - Tanner Richard wins face-off versus Artem Anisimov in neutral zone.
15:10 of 1st period - Ben Harpur is hit by Stefan Noesen and loses puck.
15:31 of 1st period - Slapshot by Nick Mattson.
15:31 of 1st period - Deflect By Steven Santini.
15:31 of 1st period - Stopped by Jordan Binnington with a rebound.
15:33 of 1st period - Wrist shot by Nick Mattson.
15:33 of 1st period - Stopped by Jordan Binnington without a rebound.
15:34 of 1st period - Mike Amadio wins face-off versus Kevin Roy in Gangsters zone.
15:41 of 1st period - Wrist shot by Kurtis Gabriel.
15:41 of 1st period - Stopped by Jordan Binnington without a rebound.
15:42 of 1st period - Artem Anisimov wins face-off versus Tanner Richard in Gangsters zone.
15:47 of 1st period - Snap shot by Richard Panik.
15:47 of 1st period - Shot Misses the Net.
15:49 of 1st period - Snap shot by Richard Panik.
15:49 of 1st period - Shot Misses the Net.
15:55 of 1st period - Snap shot by Artem Anisimov.
15:55 of 1st period - Shot Blocked by Craig Cunningham.
16:09 of 1st period - Wrist shot by Juraj Mikus.
16:09 of 1st period - Shot Misses the Net.
16:15 of 1st period - Snap shot by Juraj Mikus.
16:15 of 1st period - Shot Misses the Net.
16:42 of 1st period - Icing by Brett Ponich.
16:43 of 1st period - Oliver Bjorkstrand wins face-off versus Kevin Roy in Gangsters zone.
16:48 of 1st period - Snap shot by Craig Cunningham.
16:48 of 1st period - Shot Misses the Net.
17:08 of 1st period - Brett Ponich is hit by Juraj Mikus.
17:36 of 1st period - Nikita Scherbak is hit by Stefan Noesen and loses puck.
17:53 of 1st period - Minor Penalty to Samuel Blais for Holding.
17:54 of 1st period - Tanner Richard wins face-off versus Richard Panik in Gangsters zone.
18:01 of 1st period - Slapshot by Oliver Bjorkstrand.
18:01 of 1st period - Stopped by Jordan Binnington without a rebound.
18:02 of 1st period - Artem Anisimov wins face-off versus Tanner Richard in Gangsters zone.
18:31 of 1st period - Snap shot by Craig Cunningham.
18:31 of 1st period - Shot Blocked by Jonas Brodin.
18:49 of 1st period - Wrist shot by Mike Reilly.
18:49 of 1st period - Shot Blocked by Derrick Pouliot.
18:51 of 1st period - Slapshot by Patrick Sieloff.
18:51 of 1st period - Deflect By Juraj Mikus.
18:51 of 1st period - Shot Blocked by Derrick Pouliot.
18:51 of 1st period - Puck is out of play.
18:52 of 1st period - Juraj Mikus wins face-off versus Stefan Noesen in Gangsters zone.
19:05 of 1st period - Snap shot by Juraj Mikus.
19:05 of 1st period - Shot Misses the Net.
19:19 of 1st period - Artem Anisimov is hit by Juraj Mikus and loses puck.
19:53 of 1st period - Penalty to Samuel Blais is over, Samuel Blais is back on ice.
19:58 of 1st period - Snap shot by Juraj Mikus.
19:58 of 1st period - Stopped by Jordan Binnington with a rebound.
Goals for this period are 0 for Gangsters vs 0 for Coutelas.
Shots for this period are 9 for Gangsters vs 9 for Coutelas.

2nd period


0:01 of 2nd period - Artem Anisimov wins face-off versus Tanner Richard in neutral zone.
0:08 of 2nd period - Snap shot by Artem Anisimov.
0:08 of 2nd period - Stopped by Joe Cannata with a rebound.
0:26 of 2nd period - Stefan Noesen is hit by Juraj Mikus and loses puck.
0:37 of 2nd period - Slapshot by Stefan Noesen.
0:37 of 2nd period - Shot Hit the Post.
0:49 of 2nd period - Slapshot by Phillip Danault.
0:49 of 2nd period - Deflect By Kevin Roy.
0:49 of 2nd period - Stopped by Joe Cannata without a rebound.
0:50 of 2nd period - Kurtis Gabriel wins face-off versus Kevin Roy in Coutelas zone.
1:15 of 2nd period - Oliver Bjorkstrand is hit by Dave Dziurzynski and loses puck.
1:54 of 2nd period - Brett Ponich is hit by Nikita Scherbak and loses puck.
2:15 of 2nd period - Mike Amadio is hit by Artem Anisimov and loses puck.
2:45 of 2nd period - Off-side.
2:46 of 2nd period - Dave Dziurzynski wins face-off versus Juraj Mikus in neutral zone.
2:49 of 2nd period - Snap shot by Richard Panik.
2:49 of 2nd period - Shot Blocked by Ben Harpur.
2:51 of 2nd period - Slapshot by Richard Panik.
2:51 of 2nd period - Stopped by Joe Cannata with a rebound.
2:53 of 2nd period - Snap shot by Dave Dziurzynski.
2:53 of 2nd period - Gangsters goal is going for a video replay.
2:53 of 2nd period - The goal is refused. The puck has been directed, batted or thrown into the net by an attacking player other than with a stick..
2:54 of 2nd period - Juraj Mikus wins face-off versus Dave Dziurzynski in Coutelas zone.
3:27 of 2nd period - Slapshot by Tanner Richard.
3:27 of 2nd period - Stopped by Jordan Binnington with a rebound.
3:29 of 2nd period - Slapshot by Nick Mattson.
3:29 of 2nd period - Stopped by Jordan Binnington with a rebound.
4:09 of 2nd period - Wrist shot by Mattias Janmark.
4:09 of 2nd period - Goal by Mattias Janmark - Gangsters : 0 - Coutelas : 1.
4:10 of 2nd period - Tanner Richard wins face-off versus Artem Anisimov in neutral zone.
4:19 of 2nd period - Wrist shot by Richard Panik.
4:19 of 2nd period - Shot Misses the Net.
4:23 of 2nd period - Slapshot by Richard Panik.
4:23 of 2nd period - Stopped by Joe Cannata with a rebound.
4:25 of 2nd period - Wrist shot by Jonas Brodin.
4:25 of 2nd period - Stopped by Joe Cannata with a rebound.
4:31 of 2nd period - Minor Penalty to Ben Harpur for Holding.
4:32 of 2nd period - Artem Anisimov wins face-off versus Craig Cunningham in Coutelas zone.
6:31 of 2nd period - Penalty to Ben Harpur is over, Ben Harpur is back on ice.
6:36 of 2nd period - Icing by Nick Mattson.
6:37 of 2nd period - Teemu Pulkkinen wins face-off versus Kevin Roy in Coutelas zone.
6:46 of 2nd period - Slapshot by Sebastian Collberg.
6:46 of 2nd period - Stopped by Joe Cannata with a rebound.
7:01 of 2nd period - Off-side.
7:02 of 2nd period - Mikhail Grigorenko wins face-off versus Adam Lowry in neutral zone.
7:09 of 2nd period - Slapshot by Nick Mattson.
7:09 of 2nd period - Shot Blocked by Samuel Blais.
7:11 of 2nd period - Slapshot by Nick Mattson.
7:11 of 2nd period - Shot Blocked by Vince Dunn.
7:13 of 2nd period - Wrist shot by Nikita Scherbak.
7:13 of 2nd period - Deflect By Mattias Janmark.
7:13 of 2nd period - Shot Misses the Net.
7:13 of 2nd period - Puck is out of play.
7:14 of 2nd period - Artem Anisimov wins face-off versus Tanner Richard in Gangsters zone.
7:27 of 2nd period - Snap shot by Richard Panik.
7:27 of 2nd period - Goal by Richard Panik - Gangsters : 1 - Coutelas : 1.
7:28 of 2nd period - Artem Anisimov wins face-off versus Tanner Richard in neutral zone.
7:41 of 2nd period - Wrist shot by Richard Panik.
7:41 of 2nd period - Stopped by Joe Cannata without a rebound.
7:42 of 2nd period - Seth Griffith wins face-off versus Tanner Richard in Coutelas zone.
7:47 of 2nd period - Wrist shot by Seth Griffith.
7:47 of 2nd period - Stopped by Joe Cannata with a rebound.
7:49 of 2nd period - Minor Penalty to Tanner Richard for Hooking.
7:50 of 2nd period - Artem Anisimov wins face-off versus Craig Cunningham in Coutelas zone.
9:49 of 2nd period - Penalty to Tanner Richard is over, Tanner Richard is back on ice.
10:46 of 2nd period - Richard Panik is hit by Nick Mattson and loses puck.
11:01 of 2nd period - Wrist shot by David Pope.
11:01 of 2nd period - Stopped by Joe Cannata with a rebound.
11:06 of 2nd period - Icing by Oliver Bjorkstrand.
11:07 of 2nd period - Richard Panik wins face-off versus Tanner Richard in Coutelas zone.
11:12 of 2nd period - Snap shot by Dave Dziurzynski.
11:12 of 2nd period - Goal by Dave Dziurzynski - Gangsters : 2 - Coutelas : 1.
11:13 of 2nd period - Tanner Richard wins face-off versus Artem Anisimov in neutral zone.
11:16 of 2nd period - Wrist shot by Craig Cunningham.
11:16 of 2nd period - Shot Misses the Net.
11:18 of 2nd period - Wrist shot by Oliver Bjorkstrand.
11:18 of 2nd period - Stopped by Jordan Binnington without a rebound.
11:19 of 2nd period - Artem Anisimov wins face-off versus Tanner Richard in Gangsters zone.
11:29 of 2nd period - Slapshot by Craig Cunningham.
11:29 of 2nd period - Shot Misses the Net.
11:31 of 2nd period - Slapshot by Mike Reilly.
11:31 of 2nd period - Deflect By Craig Cunningham.
11:31 of 2nd period - Shot Misses the Net.
11:31 of 2nd period - Puck is out of play.
11:32 of 2nd period - Tanner Richard wins face-off versus Artem Anisimov in Gangsters zone.
11:57 of 2nd period - Teemu Pulkkinen is hit by Jonas Brodin.
12:23 of 2nd period - Snap shot by Brendan Lemieux.
12:23 of 2nd period - Stopped by Jordan Binnington with a rebound.
12:41 of 2nd period - Slapshot by Patrick Sieloff.
12:41 of 2nd period - Deflect By Craig Cunningham.
12:41 of 2nd period - Shot Misses the Net.
12:41 of 2nd period - Puck is out of play.
12:42 of 2nd period - Tanner Richard wins face-off versus Artem Anisimov in Gangsters zone.
12:48 of 2nd period - Off-side.
12:49 of 2nd period - Artem Anisimov wins face-off versus Tanner Richard in neutral zone.
13:17 of 2nd period - Snap shot by Stefan Noesen.
13:17 of 2nd period - Shot Misses the Net.
13:21 of 2nd period - Snap shot by Seth Griffith.
13:21 of 2nd period - Shot Blocked by Teemu Pulkkinen.
13:23 of 2nd period - Wrist shot by Seth Griffith.
13:23 of 2nd period - Stopped by Joe Cannata with a rebound.
13:25 of 2nd period - Slapshot by Jonas Brodin.
13:25 of 2nd period - Deflect By Teemu Pulkkinen.
13:25 of 2nd period - Stopped by Joe Cannata with a rebound.
13:27 of 2nd period - Snap shot by Samuel Blais.
13:27 of 2nd period - Stopped by Joe Cannata without a rebound.
13:28 of 2nd period - Mike Amadio wins face-off versus Artem Anisimov in Coutelas zone.
13:28 of 2nd period - Mike Amadio is hit by Artem Anisimov.
13:40 of 2nd period - Slapshot by Ben Harpur.
13:40 of 2nd period - Deflect By Vince Dunn.
13:40 of 2nd period - Stopped by Jordan Binnington with a rebound.
13:44 of 2nd period - Wrist shot by Kurtis Gabriel.
13:44 of 2nd period - Shot Blocked by Vince Dunn.
15:03 of 2nd period - Wrist shot by Kurtis Gabriel.
15:03 of 2nd period - Stopped by Jordan Binnington with a rebound.
15:06 of 2nd period - Icing by Phillip Danault.
15:07 of 2nd period - Kevin Roy wins face-off versus Tanner Richard in Gangsters zone.
15:07 of 2nd period - Kevin Roy is hit by Tanner Richard.
15:10 of 2nd period - Icing by Brett Ponich.
15:11 of 2nd period - Kevin Roy wins face-off versus Tanner Richard in Gangsters zone.
15:20 of 2nd period - Snap shot by Jonas Brodin.
15:20 of 2nd period - Deflect By Tanner Richard.
15:20 of 2nd period - Stopped by Joe Cannata without a rebound.
15:21 of 2nd period - Artem Anisimov wins face-off versus Tanner Richard in Coutelas zone.
15:22 of 2nd period - Wrist shot by Dave Dziurzynski.
15:22 of 2nd period - Shot Blocked by Oliver Bjorkstrand.
15:24 of 2nd period - Snap shot by Dave Dziurzynski.
15:24 of 2nd period - Shot Misses the Net.
15:26 of 2nd period - Slapshot by Dave Dziurzynski.
15:26 of 2nd period - Stopped by Joe Cannata with a rebound.
15:28 of 2nd period - Slapshot by Brett Ponich.
15:28 of 2nd period - Deflect By Richard Panik.
15:28 of 2nd period - Shot Blocked by Tanner Richard.
15:28 of 2nd period - Puck is out of play.
15:29 of 2nd period - Artem Anisimov wins face-off versus Tanner Richard in Coutelas zone.
16:28 of 2nd period - Craig Cunningham is hit by Artem Anisimov and loses puck.
16:42 of 2nd period - Off-side.
16:43 of 2nd period - Seth Griffith wins face-off versus Teemu Pulkkinen in neutral zone.
16:54 of 2nd period - Wrist shot by Stefan Noesen.
16:54 of 2nd period - Stopped by Joe Cannata with a rebound.
16:56 of 2nd period - Slapshot by Derrick Pouliot.
16:56 of 2nd period - Stopped by Joe Cannata with a rebound.
16:58 of 2nd period - Slapshot by Stefan Noesen.
16:58 of 2nd period - Stopped by Joe Cannata without a rebound.
16:59 of 2nd period - Kevin Roy wins face-off versus Mike Amadio in Coutelas zone.
17:26 of 2nd period - Teemu Pulkkinen is hit by Vince Dunn and loses puck.
17:31 of 2nd period - Wrist shot by Samuel Blais.
17:31 of 2nd period - Shot Hit the Post.
17:35 of 2nd period - Wrist shot by Stefan Noesen.
17:35 of 2nd period - Shot Misses the Net.
18:20 of 2nd period - Mike Amadio is hit by Jonas Brodin and loses puck.
18:39 of 2nd period - Phillip Danault is hit by Juraj Mikus and loses puck.
18:56 of 2nd period - Phillip Danault is hit by Nikita Scherbak and loses puck.
19:29 of 2nd period - Derrick Pouliot is hit by Mike Reilly.
19:39 of 2nd period - Wrist shot by Rhett Rakhshani.
19:39 of 2nd period - Shot Misses the Net.
19:41 of 2nd period - Slapshot by Rhett Rakhshani.
19:41 of 2nd period - Shot Misses the Net.
19:43 of 2nd period - Slapshot by Rhett Rakhshani.
19:43 of 2nd period - Stopped by Jordan Binnington without a rebound.
19:44 of 2nd period - Artem Anisimov wins face-off versus Tanner Richard in Gangsters zone.
19:46 of 2nd period - Minor Penalty to Dave Dziurzynski for Cross-checking.
19:47 of 2nd period - Artem Anisimov wins face-off versus Tanner Richard in Gangsters zone.
19:54 of 2nd period - Off-side.
19:55 of 2nd period - Richard Panik wins face-off versus Tanner Richard in neutral zone.
Goals for this period are 2 for Gangsters vs 1 for Coutelas.
Shots for this period are 20 for Gangsters vs 8 for Coutelas.

3rd period


0:01 of 3rd period - Richard Panik wins face-off versus Oliver Bjorkstrand in neutral zone.
0:09 of 3rd period - Snap shot by Ben Harpur.
0:09 of 3rd period - Goal by Ben Harpur - Gangsters : 2 - Coutelas : 2.
0:10 of 3rd period - Artem Anisimov wins face-off versus Tanner Richard in neutral zone.
0:31 of 3rd period - Minor Penalty to Tanner Richard for Roughing.
0:32 of 3rd period - Artem Anisimov wins face-off versus Craig Cunningham in Coutelas zone.
0:33 of 3rd period - Snap shot by Jonas Brodin.
0:33 of 3rd period - Deflect By Dave Dziurzynski.
0:33 of 3rd period - Shot Misses the Net.
0:33 of 3rd period - Puck is out of play.
0:34 of 3rd period - Craig Cunningham wins face-off versus Artem Anisimov in Coutelas zone.
1:08 of 3rd period - Slapshot by Stefan Noesen.
1:08 of 3rd period - Stopped by Joe Cannata with a rebound.
1:10 of 3rd period - Snap shot by Stefan Noesen.
1:10 of 3rd period - Shot Misses the Net.
2:31 of 3rd period - Penalty to Tanner Richard is over, Tanner Richard is back on ice.
2:41 of 3rd period - Slapshot by Phillip Danault.
2:41 of 3rd period - Shot Misses the Net.
2:43 of 3rd period - Minor Penalty to Julius Honka for Hooking.
2:44 of 3rd period - Craig Cunningham wins face-off versus Seth Griffith in Coutelas zone.
2:55 of 3rd period - Snap shot by Tanner Richard.
2:55 of 3rd period - Shot Blocked by Artem Anisimov.
3:01 of 3rd period - Slapshot by Brett Ponich.
3:01 of 3rd period - Goal by Brett Ponich - Gangsters : 3 - Coutelas : 2.
3:02 of 3rd period - Artem Anisimov wins face-off versus Tanner Richard in neutral zone.
3:29 of 3rd period - Icing by Craig Cunningham.
3:30 of 3rd period - Kevin Roy wins face-off versus Tanner Richard in Coutelas zone.
3:43 of 3rd period - Snap shot by Sebastian Collberg.
3:43 of 3rd period - Stopped by Joe Cannata without a rebound.
3:44 of 3rd period - Seth Griffith wins face-off versus Juraj Mikus in Coutelas zone.
4:11 of 3rd period - Jonas Brodin is hit by Patrick Sieloff and loses puck.
4:28 of 3rd period - Kurtis Gabriel is hit by Sebastian Collberg and loses puck.
4:37 of 3rd period - Vince Dunn is hit by Brendan Lemieux and loses puck.
4:58 of 3rd period - Wrist shot by Stefan Noesen.
4:58 of 3rd period - Stopped by Joe Cannata with a rebound.
5:00 of 3rd period - Wrist shot by Samuel Blais.
5:00 of 3rd period - Shot Misses the Net.
5:02 of 3rd period - Wrist shot by Derrick Pouliot.
5:02 of 3rd period - Shot Blocked by Duncan Siemens.
5:35 of 3rd period - Icing by Samuel Blais.
5:36 of 3rd period - Mikhail Grigorenko wins face-off versus Adam Lowry in Gangsters zone.
5:45 of 3rd period - Snap shot by Mattias Janmark.
5:45 of 3rd period - Shot Blocked by Steven Santini.
5:47 of 3rd period - Snap shot by Nikita Scherbak.
5:47 of 3rd period - Stopped by Jordan Binnington without a rebound.
5:48 of 3rd period - Oliver Bjorkstrand wins face-off versus Artem Anisimov in Gangsters zone.
5:49 of 3rd period - Wrist shot by Craig Cunningham.
5:49 of 3rd period - Shot Hit the Post.
5:51 of 3rd period - Snap shot by Craig Cunningham.
5:51 of 3rd period - Shot Misses the Net.
5:53 of 3rd period - Slapshot by Ben Harpur.
5:53 of 3rd period - Stopped by Jordan Binnington with a rebound.
5:55 of 3rd period - Snap shot by Tanner Richard.
5:55 of 3rd period - Stopped by Jordan Binnington without a rebound.
5:56 of 3rd period - Artem Anisimov wins face-off versus Tanner Richard in Gangsters zone.
6:11 of 3rd period - Snap shot by Craig Cunningham.
6:11 of 3rd period - Shot Hit the Post.
7:02 of 3rd period - Snap shot by Richard Panik.
7:02 of 3rd period - Shot Misses the Net.
7:21 of 3rd period - Icing by Brett Ponich.
7:22 of 3rd period - Tanner Richard wins face-off versus Artem Anisimov in Gangsters zone.
7:49 of 3rd period - Rhett Rakhshani is hit by Brett Ponich.
7:59 of 3rd period - Wrist shot by Seth Griffith.
7:59 of 3rd period - Stopped by Joe Cannata without a rebound.
8:00 of 3rd period - Seth Griffith wins face-off versus Tanner Richard in Coutelas zone.
9:02 of 3rd period - Icing by Steven Santini.
9:03 of 3rd period - Mikhail Grigorenko wins face-off versus Adam Lowry in Gangsters zone.
9:04 of 3rd period - Slapshot by Mattias Janmark.
9:04 of 3rd period - Stopped by Jordan Binnington with a rebound.
9:06 of 3rd period - Slapshot by Nick Mattson.
9:06 of 3rd period - Stopped by Jordan Binnington with a rebound.
9:08 of 3rd period - Slapshot by Nick Mattson.
9:08 of 3rd period - Deflect By Mikhail Grigorenko.
9:08 of 3rd period - Shot Blocked by Colton White.
9:08 of 3rd period - Puck is out of play.
9:09 of 3rd period - Oliver Bjorkstrand wins face-off versus Samuel Blais in Gangsters zone.
9:19 of 3rd period - Off-side.
9:20 of 3rd period - Seth Griffith wins face-off versus Tanner Richard in neutral zone.
9:20 of 3rd period - Seth Griffith is hit by Oliver Bjorkstrand.
9:46 of 3rd period - Oliver Bjorkstrand is hit by Phillip Danault and loses puck.
9:51 of 3rd period - Wrist shot by Phillip Danault.
9:51 of 3rd period - Stopped by Joe Cannata with a rebound.
10:17 of 3rd period - Snap shot by Artem Anisimov.
10:17 of 3rd period - Shot Misses the Net.
10:23 of 3rd period - Dave Dziurzynski is hit by Juraj Mikus.
11:03 of 3rd period - Slapshot by Mikhail Grigorenko.
11:03 of 3rd period - Shot Misses the Net.
11:09 of 3rd period - Slapshot by Derrick Pouliot.
11:09 of 3rd period - Stopped by Joe Cannata without a rebound.
11:10 of 3rd period - Artem Anisimov wins face-off versus Juraj Mikus in Coutelas zone.
12:04 of 3rd period - Wrist shot by Phillip Danault.
12:04 of 3rd period - Shot Misses the Net.
12:42 of 3rd period - Snap shot by Teemu Pulkkinen.
12:42 of 3rd period - Goal by Teemu Pulkkinen - Gangsters : 3 - Coutelas : 3.
12:43 of 3rd period - Artem Anisimov wins face-off versus Tanner Richard in neutral zone.
12:52 of 3rd period - Wrist shot by Dave Dziurzynski.
12:52 of 3rd period - Stopped by Joe Cannata without a rebound.
12:53 of 3rd period - Artem Anisimov wins face-off versus Tanner Richard in Coutelas zone.
13:23 of 3rd period - Ben Harpur is hit by Richard Panik.
13:38 of 3rd period - Off-side.
13:39 of 3rd period - Juraj Mikus wins face-off versus Seth Griffith in neutral zone.
13:47 of 3rd period - Slapshot by Mike Reilly.
13:47 of 3rd period - Deflect By Teemu Pulkkinen.
13:47 of 3rd period - Shot Blocked by Vince Dunn.
13:47 of 3rd period - Puck is out of play.
13:48 of 3rd period - Juraj Mikus wins face-off versus Seth Griffith in Gangsters zone.
13:59 of 3rd period - Snap shot by Rhett Rakhshani.
13:59 of 3rd period - Stopped by Jordan Binnington with a rebound.
14:01 of 3rd period - Snap shot by Rhett Rakhshani.
14:01 of 3rd period - Shot Blocked by Samuel Blais.
14:03 of 3rd period - Slapshot by Patrick Sieloff.
14:03 of 3rd period - Shot Blocked by Derrick Pouliot.
14:05 of 3rd period - Wrist shot by Juraj Mikus.
14:05 of 3rd period - Stopped by Jordan Binnington with a rebound.
14:07 of 3rd period - Wrist shot by Mike Reilly.
14:07 of 3rd period - Shot Blocked by Derrick Pouliot.
14:09 of 3rd period - Slapshot by Mike Reilly.
14:09 of 3rd period - Deflect By Vince Dunn.
14:09 of 3rd period - Stopped by Jordan Binnington with a rebound.
14:11 of 3rd period - Wrist shot by Rhett Rakhshani.
14:11 of 3rd period - Shot Misses the Net.
14:13 of 3rd period - Snap shot by Teemu Pulkkinen.
14:13 of 3rd period - Deflect By Derrick Pouliot.
14:13 of 3rd period - Goal by Teemu Pulkkinen - Gangsters : 3 - Coutelas : 4.
14:14 of 3rd period - Tanner Richard wins face-off versus Artem Anisimov in neutral zone.
14:17 of 3rd period - Wrist shot by Ben Harpur.
14:17 of 3rd period - Shot Misses the Net.
14:29 of 3rd period - Wrist shot by Tanner Richard.
14:29 of 3rd period - Shot Misses the Net.
14:39 of 3rd period - Artem Anisimov is hit by Kurtis Gabriel and loses puck.
14:46 of 3rd period - Slapshot by Mike Amadio.
14:46 of 3rd period - Stopped by Jordan Binnington without a rebound.
14:47 of 3rd period - Juraj Mikus wins face-off versus Samuel Blais in Gangsters zone.
14:48 of 3rd period - Slapshot by Rhett Rakhshani.
14:48 of 3rd period - Shot Misses the Net.
14:50 of 3rd period - Wrist shot by Juraj Mikus.
14:50 of 3rd period - Stopped by Jordan Binnington without a rebound.
14:51 of 3rd period - Seth Griffith wins face-off versus Juraj Mikus in Gangsters zone.
14:51 of 3rd period - Seth Griffith is hit by Teemu Pulkkinen.
15:01 of 3rd period - Snap shot by Teemu Pulkkinen.
15:01 of 3rd period - Shot Misses the Net.
15:03 of 3rd period - Wrist shot by Teemu Pulkkinen.
15:03 of 3rd period - Shot Misses the Net.
15:05 of 3rd period - Slapshot by Rhett Rakhshani.
15:05 of 3rd period - Stopped by Jordan Binnington with a rebound.
15:47 of 3rd period - Snap shot by Craig Cunningham.
15:47 of 3rd period - Shot Blocked by Brett Ponich.
15:49 of 3rd period - Snap shot by Mike Reilly.
15:49 of 3rd period - Deflect By Craig Cunningham.
15:49 of 3rd period - Stopped by Jordan Binnington with a rebound.
16:25 of 3rd period - Artem Anisimov is hit by Teemu Pulkkinen and loses puck.
16:30 of 3rd period - Slapshot by Juraj Mikus.
16:30 of 3rd period - Shot Misses the Net.
16:44 of 3rd period - Slapshot by Craig Cunningham.
16:44 of 3rd period - Shot Misses the Net.
18:21 of 3rd period - Samuel Blais is hit by Brendan Lemieux and loses puck.
18:50 of 3rd period - Brett Ponich is hit by Tanner Richard and loses puck.
19:05 of 3rd period - Snap shot by Craig Cunningham.
19:05 of 3rd period - Goal by Craig Cunningham - Gangsters : 3 - Coutelas : 5.
19:06 of 3rd period - Phillip Danault wins face-off versus Mikhail Grigorenko in neutral zone.
19:13 of 3rd period - Slapshot by Brett Ponich.
19:13 of 3rd period - Shot Blocked by Ben Harpur.
19:15 of 3rd period - Snap shot by Kevin Roy.
19:15 of 3rd period - Stopped by Joe Cannata with a rebound.
19:17 of 3rd period - Wrist shot by Phillip Danault.
19:17 of 3rd period - Shot Misses the Net.
19:31 of 3rd period - Mikhail Grigorenko is hit by Brett Ponich.
Goals for this period are 1 for Gangsters vs 4 for Coutelas.
Shots for this period are 9 for Gangsters vs 16 for Coutelas.